 Dungeon Sprint DCSS version 0.20-a0-1127-g1289703 (webtiles) character file.

15467 potatolord6000 the Fighter (level 12, -8/108 HPs)
             Began as a Demonspawn Gladiator on May 18, 2017.
             Was an Initiate of Gozag.
             Killed by divine providence
             ... invoked by an orc high priest
              (9 damage)
             ... in the Dungeon (Sprint IX: "|||||||||||||||||||||||||||||").
             The game lasted 00:09:46 (2118 turns).

potatolord6000 the Fighter (Demonspawn Gladiator)   Turns: 2118, Time: 00:09:47

Health: -8/108     AC: 38    Str: 22    XL:     12   Next: 1%
Magic:  0/27       EV: 13    Int: 15    God:    Gozag
Gold:   791        SH:  0    Dex: 16    Spells: 33/33 levels left

rFire    + . .     SeeInvis .   c - +4 quarterstaff of Huegiuru {crush, +Inv rF+ rC+ Int-4}
rCold    + + .     Gourm    .   (shield currently unavailable)
rNeg     . . .     Faith    .   f - +8 orange crystal plate armour {Archmagi, Int+3 Clar}
rPois    .         Spirit   +   v - +1 hat
rElec    .         Reflect  .   a - +0 cloak
rCorr    .         Harm     .   o - +1 pair of gloves {Str+3}
MR       +....     Clarity  +   u - +0 pair of boots Stlth ..........NoTele +
                                w - amulet "Romay" {RegenMP +Fly rC+ MR+ Int+4}
Regen    0.3/turn               b - +2 ring of evasion
MPRegen  0.5/turn               n - +3 ring of intelligence

@: gold aura, hasted, very quick
A: horns 2, yellow scales 2, powered by death 1, magic shield, magic
regeneration
a: Potion Petition, Call Merchant, Bribe Branch, Renounce Religion, Evoke
Invisibility, Evoke Flight


You were in the Dungeon.
You worshipped Gozag.
Gozag was pleased with you.
You were completely stuffed.

You visited 1 branch You collected 6479 gold pieces.
You spent 3417 gold pieces at shops.
You paid 2271 gold pieces to Gozag.

Inventory:

Hand Weapons
 c - the +4 quarterstaff of Huegiuru (weapon) {crush, +Inv rF+ rC+ Int-4}
   (You found it in the Dungeon)

   It inflicts extra damage upon your enemies.
   It affects your intelligence (-4).
   It protects you from fire.
   It protects you from cold.
   It lets you turn invisible.
Armour
 a - a +0 cloak (worn)
 f - the +8 orange crystal plate armour (worn) {Archmagi, Int+3 Clar}
   (You bought it in a shop in the Dungeon)

   It affects your intelligence (+3).
   It protects you against confusion.
 o - a +1 pair of gloves of strength (worn)
 u - a +0 pair of boots (worn)
 v - a +1 hat (worn)
Jewellery
 b - a +2 ring of evasion (left hand)
 n - a +3 ring of intelligence (right hand)
 w - the amulet "Romay" (around neck) {RegenMP +Fly rC+ MR+ Int+4}
   (You bought it in a shop in the Dungeon)

   [amulet of magic regeneration]

   It increases your magic regeneration.
   It affects your intelligence (+4).
   It protects you from cold.
   It affects your resistance to hostile enchantments.
   It lets you fly.
Scrolls
 h - 3 scrolls of remove curse
 k - 3 scrolls of blinking
 l - 2 scrolls of amnesia
 q - 3 scrolls of fear
 r - 2 scrolls of enchant weapon
Potions
 d - a potion of invisibility
 e - 3 potions of curing
 i - 4 potions of magic
 j - 2 potions of berserk rage
Comestibles
 m - 40 fruits
 s - 12 bread rations
 t - 10 meat rations


   Skills:
 + Level 14.7 Fighting
 + Level 13.8 Staves
 - Level 1.7 Throwing
 + Level 10.7 Armour
 + Level 13.8 Dodging
 + Level 11.4 Spellcasting


You had 33 spell levels left.
You didn't know any spells.

Dungeon Overview and Level Annotations

Branches:
Dungeon (1/1)

Altars:
Cheibriados
Dithmenos
Elyvilon
Fedhas
Gozag
Hepliaklqana
Kikubaaqudgha
Makhleb
Nemelex Xobeh
Okawaru
Qazlal
Ru
Sif Muna
Trog
Uskayaw
Vehumet
Wu Jian
Xom
Yredelemnul
Zin
The Shining One
Beogh
Jiyva
Lugonu

Shops:
D [:(**=[


Innate Abilities, Weirdness & Mutations

You have a pair of horns on your head.
You are mostly covered in yellow scales. (AC +3)
You regenerate a little health from kills.
When hurt, damage is shared between your health and your magic reserves.
You regenerate magic rapidly.


Message History

You feel yourself speed up.
The hellwing is no longer distracted by gold.
The orc high priest starts to sing a prayer.
The hellwing closely misses you. x2; The orange demon stings you from afar.
* * * LOW HITPOINT WARNING * * *
The orc high priest mumbles some strange prayers to Beogh.
The orc high priest invokes the aid of Beogh against you.
Beogh smites you!
* * * LOW HITPOINT WARNING * * *
Unknown command.
You hit the hellwing but do no damage.
The hellwing is lightly wounded.
The orc high priest utters an invocation to Beogh.
You hit the hellwing but do no damage.
The hellwing is lightly wounded.
The hellwing hits you but does no damage. x2
The orc high priest mumbles some strange prayers to Beogh against you.
Beogh smites you!
You die...
Your body crumbles into a pile of gold. ▓▓▓▓▓▓▓▓▓▓▓▓▓▓▓▓▓▓▓▓▓▓▓▓ $$$$44ooo44@$$$$$$[[[[[[)[[[

▓▓▓▓▓▓▓▓▓▓▓▓▓▓▓▓▓▓▓▓▓▓▓▓▓▓▓▓▓▓▓▓▓
.............)...................
▓▓▓▓▓▓▓▓▓▓▓▓▓▓▓▓▓▓▓▓▓▓▓▓▓▓▓▓▓▓▓▓▓
...[[[..'[)((........'.........'.
▓▓▓▓▓▓▓▓▓▓▓▓▓▓▓▓▓▓▓▓▓▓▓▓▓▓▓▓▓▓▓▓▓
.................................
▓▓▓▓▓▓▓▓▓▓▓▓▓▓▓▓▓▓▓▓▓▓▓▓▓▓▓▓▓▓▓▓▓
.(..(.∩.[.)'..[.[)/..'___________


You could see 3 orc high priests, an orange demon and 3 hellwings.

Vanquished Creatures
  Gastronok (D)
  A stone giant (D)
  A hydra (D)
  Harold (D)
  2 centaur warriors (D)
  6 orc high priests (D)
  3 lindwurms (D)
  An orc knight (D)
  2 elephants (D)
  An ugly thing (D)
  A spiny frog (D)
  2 komodo dragons (D)
  A tyrant leech (D)
  A hippogriff (D)
  A wyvern (D)
  A hungry ghost (D)
  3 water moccasins (D)
  4 porcupines (D)
  7 orc warriors (D)
  A phantom (D)
  An eye of draining (D)
  2 ice beasts (D)
  2 crocodiles (D)
  2 bullfrogs (D)
  A scorpion (D)
  A killer bee (D)
  7 orc priests (D)
  5 orc wizards (D)
  An iguana (D)
  An adder (D)
  An adder zombie (D)
  4 worms (D)
  8 orcs (D)
  A giant cockroach (D)
  A goblin (D)
  A hobgoblin (D)
  A frilled lizard (D)
  2 kobolds (D)
  A quokka zombie (D)
84 creatures vanquished.

Notes
Turn   | Place    | Note
-------+----------+-------------------------------------------
     0 | D        | potatolord6000 the Demonspawn Gladiator began the quest for the Orb.
     0 | D        | Reached XP level 1. HP: 16/16 MP: 1/1
    60 | D        | Noticed an ice beast
    60 | D        | Noticed a phantom
    60 | D        | Noticed a scorpion
    65 | D        | Killed a scorpion
    65 | D        | Reached skill level 4 in Fighting
    65 | D        | Gained mutation: You are partially covered in yellow scales. (AC +2) [demonic ancestry]
    65 | D        | Reached XP level 2. HP: 17/26 MP: 2/2
    65 | D        | Gained mutation: You are mostly covered in yellow scales. (AC +3) [demonic ancestry]
    65 | D        | Reached XP level 3. HP: 20/31 MP: 3/3
    72 | D        | Reached skill level 5 in Staves
    72 | D        | Gained mutation: You have a pair of small horns on your head. [demonic ancestry]
    72 | D        | Reached XP level 4. HP: 36/38 MP: 4/4
    80 | D        | Killed an ice beast
    80 | D        | Reached skill level 6 in Fighting
    80 | D        | Reached XP level 5. HP: 39/46 MP: 5/5
    93 | D        | Killed a phantom
    93 | D        | Reached skill level 7 in Fighting
   103 | D        | Found a roughly hewn altar of Beogh.
   103 | D        | Found a snail-covered altar of Cheibriados.
   103 | D        | Found a shadowy altar of Dithmenos.
   103 | D        | Found a white marble altar of Elyvilon.
   103 | D        | Found a blossoming altar of Fedhas.
   103 | D        | Found an opulent altar of Gozag.
   104 | D        | Found a hazy altar of Hepliaklqana.
   105 | D        | Found a viscous altar of Jiyva.
   106 | D        | Found an ancient bone altar of Kikubaaqudgha.
   107 | D        | Found a corrupted altar of Lugonu.
   108 | D        | Found a burning altar of Makhleb.
   109 | D        | Found a sparkling altar of Nemelex Xobeh.
   110 | D        | Found an iron altar of Okawaru.
   111 | D        | Became a worshipper of Gozag Ym Sagoz the Greedy
   112 | D        | Found a stormy altar of Qazlal.
   113 | D        | Found a sacrificial altar of Ru.
   114 | D        | Found a deep blue altar of Sif Muna.
   115 | D        | Found a bloodstained altar of Trog.
   116 | D        | Found a hide-covered altar of Uskayaw.
   117 | D        | Found a radiant altar of Vehumet.
   118 | D        | Found an ornate altar of the Wu Jian Council.
   119 | D        | Found a shimmering altar of Xom.
   120 | D        | Found a basalt altar of Yredelemnul.
   121 | D        | Found a glowing silver altar of Zin.
   122 | D        | Found a glowing golden altar of the Shining One.
   141 | D        | Got the +4 quarterstaff of Huegiuru {crush, +Inv rF+ rC+ Int-4}
   173 | D        | Noticed an ice beast
   173 | D        | Noticed a wyvern
   180 | D        | Killed a wyvern
   180 | D        | Reached skill level 8 in Fighting
   180 | D        | Reached XP level 6. HP: 48/57 MP: 6/6
   186 | D        | Killed an ice beast
   189 | D        | Gained mutation: When hurt, damage is shared between your health and your magic reserves. [demonic ancestry]
   189 | D        | Reached XP level 7. HP: 55/63 MP: 7/7
   228 | D        | Noticed a white ugly thing
   228 | D        | Noticed a centaur warrior
   228 | D        | Noticed a hungry ghost
   228 | D        | Noticed a centaur warrior
   237 | D        | Killed a centaur warrior
   237 | D        | Reached skill level 10 in Fighting
   237 | D        | Gained mutation: You regenerate magic rapidly. [demonic ancestry]
   237 | D        | Reached XP level 8. HP: 65/72 MP: 0/14
   243 | D        | Reached skill level 1 in Armour
   257 | D        | Killed a centaur warrior
   257 | D        | Reached skill level 11 in Fighting
   257 | D        | Reached skill level 10 in Staves
   257 | D        | Reached skill level 10 in Dodging
   257 | D        | Gained mutation: You regenerate a little health from kills. [demonic ancestry]
   257 | D        | Reached XP level 9. HP: 56/81 MP: 3/18
   267 | D        | Killed a white ugly thing
   286 | D        | Bought a +1 pair of gloves of strength for 247 gold pieces
   541 | D        | Noticed a six-headed hydra
   557 | D        | Killed a six-headed hydra
   557 | D        | Reached skill level 5 in Armour
   576 | D        | Reached skill level 12 in Fighting
   577 | D        | Reached XP level 10. HP: 39/89 MP: 12/21
   995 | D        | Noticed a spiny frog
   999 | D        | Noticed an elephant
  1003 | D        | Noticed an elephant
  1003 | D        | Killed a spiny frog
  1025 | D        | Killed an elephant
  1038 | D        | Killed an elephant
  1127 | D        | Noticed a lindwurm
  1127 | D        | Noticed a lindwurm
  1127 | D        | Noticed a lindwurm
  1139 | D        | Killed a lindwurm
  1152 | D        | Killed a lindwurm
  1152 | D        | Reached skill level 13 in Fighting
  1160 | D        | Killed a lindwurm
  1321 | D        | Bought the +8 orange crystal plate armour {Archmagi, Int+3 Clar} for 2167 gold pieces
  1525 | D        | Noticed Harold
  1540 | D        | Killed Harold
  1540 | D        | Reached XP level 11. HP: 62/98 MP: 17/24
  1570 | D        | Noticed Gastronok
  1588 | D        | Killed Gastronok
  1588 | D        | Reached skill level 10 in Spellcasting
  1756 | D        | Noticed a stone giant
  1767 | D        | Killed a stone giant
  1839 | D        | Bought a pair of spiked gloves for 342 gold pieces
  1851 | D        | Identified the +2 pair of gloves of the Fife {SInv} (You bought it in a shop in the Dungeon)
  1884 | D        | Noticed an orc high priest
  1884 | D        | Noticed an orc knight
  1900 | D        | Killed an orc knight
  1900 | D        | Reached skill level 14 in Fighting
  1908 | D        | Killed an orc high priest
  1990 | D        | Bought the amulet "Romay" {RegenMP +Fly rC+ MR+ Int+4} for 661 gold pieces
  2006 | D        | Found Killiug's General Store.
  2006 | D        | Noticed an orc high priest
  2006 | D        | Noticed an orc high priest
  2006 | D        | Noticed an orc high priest
  2007 | D        | Noticed an orc high priest
  2014 | D        | Noticed a sun demon
  2027 | D        | Killed an orc high priest
  2027 | D        | Reached skill level 10 in Armour
  2034 | D        | Killed an orc high priest
  2035 | D        | Found Ateim's Assorted Antiques.
  2044 | D        | Noticed a sixfirhy
  2049 | D        | Killed an orc high priest
  2057 | D        | Found Kyadeowk's Weapon Boutique.
  2066 | D        | Noticed an orc high priest
  2069 | D        | Noticed an orc high priest
  2071 | D        | Killed an orc high priest
  2073 | D        | Found Lolaub's Book Shop.
  2082 | D        | Noticed an orc high priest
  2088 | D        | Noticed an orc high priest
  2103 | D        | Killed an orc high priest
  2103 | D        | Gained mutation: You have a pair of horns on your head. [demonic ancestry]
  2103 | D        | Reached XP level 12. HP: 15/108 MP: 3/27
  2116 | D        | HP: 1/108 [orc high priest/divine providence (9)]
  2118 | D        | Killed from afar by an orc high priest

Vault maps used:
D:        linesprint

Skill      XL: |  1  2  3  4  5  6  7  8  9 10 11 |
---------------+----------------------------------+-----
Staves         | 4 5 6 8 9 10 11 12 13 | 13.8
Dodging        | 4 6 8 9 10 11 12 13 | 13.8
Fighting       | 4 6 8 10 11 12 13 14 | 14.7
Spellcasting   | 4 6 7 9 11 | 11.4
Armour         | 3 6 8 10 | 10.7
Throwing       | |  1.7

Action                   |  1- 3 |  4- 6 |  7- 9 | 10-12 || total
-------------------------+-------+-------+-------+-------++-------
Melee: Quarterstaff      |    22 |    33 |    73 |   319 ||   447
       Headbutt          |       |    10 |    16 |    88 ||   114
Invok: Call Merchant     |       |       |     1 |     2 ||     3
  Use: Potion            |     2 |       |     2 |     7 ||    11
 Stab: Distracted        |       |     1 |     1 |     4 ||     6
  Eat: Bread ration      |       |       |       |     1 ||     1
       Meat ration       |       |       |       |     2 ||     2
Armor: Leather armour    |     3 |     2 |       |       ||     5
       Ring mail         |       |     4 |    24 |    18 ||    46
       Crystal plate arm |       |       |       |    87 ||    87
Dodge: Dodged            |     8 |    12 |    40 |   133 ||   193
